 Dungeon Crawl Stone Soup version 0.28-a0-662-g1651b1f1e0 (webtiles) character file.

Game seed: 6848041864866237543

1021 cheechan the Sneak (level 8, -2/54 HPs)
             Began as an Octopode Fighter on Oct 14, 2021.
             Slain by a gnoll (10 damage)
             ... on level 5 of the Dungeon.
             The game lasted 00:21:24 (6000 turns).

cheechan the Sneak (Octopode Fighter)               Turns: 6000, Time: 00:21:25

Health: -2/54      AC:  1    Str: 16    XL:     8   Next: 22%
Magic:  8/8        EV: 14    Int: 10    God:
Gold:   196        SH:  5    Dex: 13    Spells: 3/7 levels left

rFire   . . .      SeeInvis .   t - +2 dagger (venom)
rCold   + . .      Faith    .   b - +0 buckler
rNeg    . . .      Spirit   .   (helmet restricted)
rPois   .          Reflect  .   (no amulet)
rElec   .          Harm     .   j - ring of protection from cold
rCorr   .          Rampage  .   l - ring of wizardry
Will    .....                   (no ring)
Stlth   +++++.....              (no ring)
HPRegen 0.18/turn               (no ring)
MPRegen 0.11/turn               (no ring)
                                (no ring)
                                (no ring)

@: lethally poisoned (-2 -> -16)
A: almost no armour, amphibious, 8 rings, camouflage 1, gelatinous body 1,
(nimble swimmer 1), tentacles
a: no special abilities


You were on level 5 of the Dungeon.
You visited 1 branch of the dungeon, and saw 5 of its levels.

You collected 196 gold pieces.

Inventory:

Hand Weapons
 a - a +0 rapier
 c - a +0 scythe of flaming
 d - a +0 short sword
 f - a +0 dagger
 h - a +0 long sword
 n - a +1 vorpal war axe
 s - a +0 vorpal halberd
 t - a +2 dagger of venom (weapon)
 y - a +1 short sword of venom
 A - a +0 vampiric dagger
 C - a +2 short sword of distortion
 D - a +0 hunting sling
 E - a +0 hand crossbow
 G - a +0 lajatang
Missiles
 e - 164 stones
 i - 46 sling bullets
 k - 17 arrows
 B - 20 poisoned darts (quivered)
Armour
 b - a +0 buckler (worn)
Magical Staves
 o - a staff of death
Jewellery
 j - a ring of protection from cold (left tentacle)
 l - a ring of wizardry (right tentacle)
 q - a +4 ring of protection
Wands
 x - a wand of paralysis (10)
Scrolls
 m - a scroll of magic mapping
 p - 3 scrolls of noise
 v - 2 scrolls of teleportation
 z - a scroll of amnesia
Potions
 g - a potion of curing
 r - a potion of haste {unknown}
 u - a potion of resistance {unknown}
 w - a potion of degeneration {unknown}
 F - a potion of brilliance {unknown}


   Skills:
 + Level 4.2 Fighting
 + Level 4.6 Short Blades
 + Level 3.0 Axes
 + Level 4.5 Dodging
 + Level 7.4 Stealth
 + Level 3.8 Shields
 + Level 0.3 Spellcasting


You had 3 spell levels left.
You knew the following spells:

 Your Spells              Type           Power      Damage    Failure   Level
a - Magic Dart            Conj           0%         1d3       16%         1
b - Call Imp              Summ           0%         N/A       22%         2
c - Pain                  Necr           0%         1d4       16%         1

Your spell library contained the following spells:

 Spells                   Type           Power      Damage    Failure   Level
 Mephitic Cloud           Conj/Pois/Air  0%         N/A       38%         3
 Portal Projectile        Hex/Tloc       0%         N/A       41%         3
 Agony                    Necr           0%         N/A       98%         5
 Blade Hands              Tmut           0%         N/A       98%         5
 Excruciating Wounds      Necr           0%         N/A       98%         5


Dungeon Overview and Level Annotations

Branches:
Dungeon (5/15)
 Temple: D:4-7

Altars:
Cheibriados
Uskayaw


Innate Abilities, Weirdness & Mutations

You cannot wear most types of armour.
You are amphibious.
You can wear up to eight rings at the same time.
Your skin changes colour to match your surroundings (Stealth+).
Your rubbery body absorbs attacks. (AC +1, EV +1)
((You are camouflaged near water. (Stealth+)))
You have tentacles for arms and can constrict up to eight enemies at once.


Message History

You throw a poisoned dart.
The poisoned dart barely misses the gnoll.
The poisoned dart hits the gnoll sergeant.
The gnoll sergeant is poisoned.
Throw: 22 darts (poison)
Press: ? - help, Q - select action, (/) - cycle Shift-Dir - straight line, f - gnoll
Aim: a gnoll, wielding a +0 spear (moderately wounded, very poisoned, 63% to hit)
You throw a poisoned dart. The poisoned dart hits the gnoll.
The gnoll is moderately wounded.
Throw: 21 darts (poison)
Press: ? - help, Q - select action, (/) - cycle Shift-Dir - straight line, f/p - gnoll
Aim: a gnoll, wielding a +0 spear (moderately wounded, very poisoned, 63% to hit)
You throw a poisoned dart.
The poisoned dart barely misses the gnoll sergeant.
The poisoned dart barely misses the gnoll.
A gnoll comes into view. It is wielding a +0 whip.
A gnoll comes into view. It is wielding a +0 spear.
The gnoll moves out of view.
The gnoll sergeant hits you from afar with a +2 trident of venom.
You are poisoned.
The gnoll closely misses you.
A gnoll comes into view. It is wielding a +0 flail.
You feel sick.
The gnoll sergeant hits you with a +2 trident of venom!
You are more poisoned.
You block the gnoll's attack.
The gnoll hits you from afar with a +0 halberd.
* * * LOW HITPOINT WARNING * * *
Okay, then.
The gnoll shouts! x2
You hit the gnoll sergeant but do no damage.
The gnoll sergeant looks even sicker.
You grab the gnoll sergeant.
The gnoll sergeant is moderately wounded.
You constrict the gnoll sergeant.
* * * LOW HITPOINT WARNING * * *
You feel very sick. The gnoll sergeant misses you.
The gnoll hits you with a +0 spear.
* * * LOW HITPOINT WARNING * * *
The gnoll hits you from afar with a +0 halberd!
You die...

#.###.........#
#######.....###.....#
#.....'.....# #.....#
#.........# #.....#
#......#### #.....#
#.....## #.....#
#.....# ......#
#....g###'#####.#.#
##..@gg.g..# .#.#
#####g.g..+ .((..#
.....# ..# .# #


You could see a gnoll sergeant (very poisoned) and 5 gnolls.

Vanquished Creatures
  Sigmund (D:2)
  An ice beast (D:5)
  2 ogres (D:4)
  A phantom (D:5)
  A kobold brigand (D:4)
  A bullfrog zombie (D:5)
  2 centaur zombies
  A hound (D:4)
  A centaur skeleton (D:5)
  Jessica (D:2)
  Natasha (D:2)
  A hound skeleton (D:5)
  8 gnolls
  6 adders
  3 adder skeletons (D:4)
  2 worms (D:3)
  The ghost of R007833r the Sneak, a weakling HODe (D:4)
  A dart slug (D:3)
  3 orcs (D:3)
  3 ball pythons
  8 endoplasms
  3 giant cockroaches
  7 goblins
  8 hobgoblins
  4 jackals (D:2)
  9 kobolds
  5 quokkas
  7 bats
  5 frilled lizards
  5 rats
102 creatures vanquished.

Vanquished Creatures (collateral kills)
  2 kobolds (D:4)
2 creatures vanquished.

Vanquished Creatures (others)
  A fungus (D:4)
  2 plants (D:4)
  3 withered plants (D:5)
6 creatures vanquished.

Grand Total: 110 creatures vanquished

Notes
Turn   | Place    | Note
-------+----------+-------------------------------------------
     0 | D:1      | cheechan the Octopode Fighter began the quest for the Orb.
     0 | D:1      | Reached XP level 1. HP: 16/16 MP: 1/1
   117 | D:1      | Found a faded altar of an unknown god.
   168 | D:1      | Reached XP level 2. HP: 17/21 MP: 2/2
   800 | D:2      | Reached skill level 1 in Stealth
   841 | D:2      | Reached XP level 3. HP: 13/26 MP: 3/3
  1004 | D:2      | Noticed Jessica
  1010 | D:2      | Killed Jessica
  1011 | D:2      | Reached skill level 2 in Stealth
  1044 | D:2      | Reached XP level 4. HP: 24/31 MP: 4/4
  1183 | D:2      | Noticed Sigmund
  1750 | D:2      | Killed Sigmund
  1751 | D:2      | Reached skill level 3 in Stealth
  1751 | D:2      | Reached XP level 5. HP: 29/37 MP: 5/5
  1751 | D:2      | Reached XP level 6. HP: 34/43 MP: 6/6
  2488 | D:2      | Reached skill level 4 in Stealth
  2614 | D:2      | Noticed Natasha
  2618 | D:2      | Killed Natasha
  2785 | D:2      | Learned a level 1 spell: Magic Dart
  2830 | D:3      | Found a snail-covered altar of Cheibriados.
  3657 | D:3      | Reached skill level 1 in Axes
  4253 | D:4      | Reached XP level 7. HP: 27/47 MP: 7/7
  4609 | D:4      | Found a hide-covered altar of Uskayaw.
  4620 | D:4      | Reached skill level 5 in Stealth
  5049 | D:4      | Learned a level 2 spell: Call Imp
  5051 | D:4      | Learned a level 1 spell: Pain
  5079 | D:4      | Found a runed translucent gate.
  5082 | D:4      | Found a runed translucent gate.
  5082 | D:4      | Found a runed translucent gate.
  5082 | D:4      | Noticed R007833r's ghost (weakling HODe)
  5093 | D:4      | Paralysed by a kobold for 2 turns
  5113 | D:4      | Killed R007833r's ghost
  5799 | D:5      | Entered Level 5 of the Dungeon
  5868 | D:5      | Reached skill level 6 in Stealth
  5942 | D:5      | Reached XP level 8. HP: 41/54 MP: 8/8
  5972 | D:5      | Reached skill level 7 in Stealth
  6000 | D:5      | Slain by a gnoll

Illustrated notes

Levels and vault maps discovered:
D:1:      co_arrival_square_in_a_square_in_a_square, layout_loops_cross,
          shapermc_ecumenical_altar_pompeii
D:2:      layout_loops_ring, minmay_octomino_e4, uniq_jessica, uniq_natasha,
          uniq_sigmund
D:3:      layout_basic, kennysheep_slug_shrine, corexii_shack
D:4:      layout_basic, eat_drink_and_be_merry_uskayaw,
          gammafunk_ghost_nasty_kobolds
D:5:      layout_basic, serial_undead, serial_undead_b, serial_undead_a,
          serial_undead_f, serial_undead_a, portal_sewer_entry_a, uniq_pikel

Skill      XL: |  1  2  3  4  5  6  7  8 |
---------------+-------------------------+-----
Stealth        | 1 2 3 4 6 7 |  7.4
Short Blades   | 3 4 |  4.6
Dodging        | 4 |  4.5
Axes           | 2 3 |  3.0
Fighting       | 4 |  4.2
Shields        | |  3.8
Spellcasting   | |  0.3

Action                   |  1- 3 |  4- 6 |  7- 9 || total
-------------------------+-------+-------+-------++-------
Melee: Rapier            |    48 |    26 |       ||    74
       Tentacles         |    10 |    25 |    29 ||    64
       Constrict         |     8 |    27 |    11 ||    46
       War axe           |       |    70 |       ||    70
       Dagger            |       |       |    88 ||    88
Throw: Dart              |       |       |     5 ||     5
 Cast: Call Imp          |       |       |     2 ||     2
       Magic Dart        |       |       |     1 ||     1
  Use: Scroll            |     2 |     2 |     3 ||     7
       Potion            |       |     1 |       ||     1
 Stab: Sleeping          |     4 |    16 |     3 ||    23
       Distracted        |     1 |       |       ||     1
Armor: Skin              |     7 |     3 |     3 ||    13
Dodge: Dodged            |    35 |    58 |    51 ||   144
Block: Buckler           |     7 |    21 |    17 ||    45

Table legend: (Time is in decaauts)
 A = Elapsed time spent in this place.
 B = Non-inter-level travel time spent in this place.
 C = Inter-level travel time spent in this place.
 D = Time resting spent in this place.
 E = Time spent auto-exploring this place.
 F = Levels seen in this place.
 G = Mean time per level.
                   A        B        C        D        E       F      G
               +--------+--------+--------+--------+--------+-----+--------+
         Total |   6022 |   6022 |      0 |   2679 |      0 |   5 | 1204.4 |
       Dungeon |   6022 |   6022 |      0 |   2679 |      0 |   5 | 1204.4 |
               +--------+--------+--------+--------+--------+-----+--------+

Top non-repeatable levels by time:
     D:4: 1858 daAuts
     D:2: 1583 daAuts
     D:1: 1261 daAuts
     D:3: 1125 daAuts
     D:5: 193 daAuts
